 Dungeon Crawl Stone Soup version 0.21-b1-23-g1fb0a74 (webtiles) character file.

3951 Faca the Cleaver (level 10, 0/80 HPs)
             Began as a Formicid Fighter on Jan 5, 2018.
             Was an Elder of Okawaru.
             Succumbed to a killer bee's poison
             ... on level 8 of the Dungeon on Jan 6, 2018.
             The game lasted 00:22:41 (9543 turns).

Faca the Cleaver (Formicid Fighter)                 Turns: 9543, Time: 00:22:42

Health: 0/80       AC: 14    Str: 20    XL:     10   Next: 45%
Magic:  10/10      EV: 12    Int:  9    God:    Okawaru [****..]
Gold:   472        SH: 12    Dex: 18    Spells: 9/9 levels left

rFire    . . .     SeeInvis +   a - +0 war axe
rCold    . . .     Gourm    .   c - +0 shield
rNeg     + . .     Faith    +   p - +0 chain mail (curse)
rPois    .         Spirit   .   (helmet unavailable)
rElec    .         Reflect  .   (no cloak)
rCorr    .         Harm     .   m - +1 pair of gloves
MR       ++...                  C - +0 pair of boots
Stlth    ..........             b - amulet of faith
HPRegen  0.23/turn              t - ring of positive energy
MPRegen  0.12/turn              j - ring of protection from magic

@: agile, lethally poisoned (0 -> -10)
A: permanent stasis, dig shafts and tunnels, four strong arms, antennae 3
a: Dig, Shaft Self, Heroism, Renounce Religion


You were on level 8 of the Dungeon.
You worshipped Okawaru.
Okawaru was greatly pleased with you.
You were not hungry.

You visited 2 branches of the dungeon, and saw 9 of its levels.

You collected 472 gold pieces.

Inventory:

Hand Weapons
 a - a +0 war axe (weapon)
Armour
 c - a +0 shield (worn)
 g - a +0 large shield
 m - a +1 pair of gloves (worn)
 p - a cursed +0 chain mail (worn)
 q - a +0 plate armour of magic resistance
 z - a +0 plate armour
 C - a +0 pair of boots (worn)
Jewellery
 b - an amulet of faith (around neck)
 j - a ring of protection from magic (right hand)
 k - an uncursed ring of resist corrosion
 t - a ring of positive energy (left hand)
 v - an uncursed amulet of guardian spirit {unknown}
Wands
 B - a wand of iceblast (8)
Scrolls
 u - a scroll of blinking {unknown}
 w - 2 scrolls of fear
 x - a scroll of magic mapping
 y - a scroll of remove curse
 A - a scroll of enchant armour
Potions
 d - a potion of invisibility
 e - 3 potions of brilliance
 i - a potion of magic
 n - a potion of flight
 o - 2 potions of mutation
 r - a potion of agility
 s - 2 potions of might
Comestibles
 f - 11 rations


   Skills:
 + Level 7.8 Fighting
 * Level 9.4 Axes
 + Level 7.8 Armour
 + Level 8.6 Shields


You had 9 spell levels left.
You didn't know any spells.

Dungeon Overview and Level Annotations

Branches:
Dungeon (8/15)             Temple (1/1) D:5
   Lair: D:8-11

Altars:
Okawaru
Vehumet

Annotations:
D:7 exclusion: oklob plant


Innate Abilities, Weirdness & Mutations

You cannot be hasted, slowed, berserked, paralysed or teleported.
You can dig through walls and to a lower floor.
Your four strong arms can wield two-handed weapons with a shield.
You have a pair of large antennae on your head. (SInv)


Message History

You feel sick. The killer bee closely misses you.
The killer bee barely misses you.
You hit the killer bee.
The killer bee is moderately wounded.
The killer bee stings you.
* * * LOW HITPOINT WARNING * * *
You are more poisoned.
The killer bee poisons you! You block the killer bee's attack.
You miss the killer bee.
The killer bee is moderately wounded.
* * * LOW HITPOINT WARNING * * *
You feel sick. The killer bee misses you. You block the killer bee's attack.
You slash the killer bee!
You kill the killer bee!
Okawaru accepts your kill.
* * * LOW HITPOINT WARNING * * *
You feel sick.
Unknown command.
Okay, then.
You die...

..##....y........#
..##.............#
..##.............#
..########..###'###
..# ##........# ..#
..........# ..#
............# ..#
........#'### ###
......#.#.@.# #
.....#...### ####
.....##..#####
...########.........#
..)'))..............#
...#######..........#
...# #.....>....#
...# #..........#
.!.# #..........#


There were no monsters in sight!

Vanquished Creatures
  The ghost of jerkstore the Geomancer, a novice DDEE (D:6)
  The ghost of cellescent the Skirmisher, an amateur OgWn (D:3)
  A spriggan (D:8)
  A steam dragon (D:7)
  3 orc warriors
  A sky beast (D:5)
  An ice beast (D:5)
  A black bear (D:7)
  3 ogres
  A phantom (D:8)
  A big kobold (D:7)
  3 bullfrogs
  2 scorpions (D:8)
  15 killer bees
  2 howler monkeys
  2 bullfrog zombies
  4 crimson imps
  A quasit (D:4)
  A centaur skeleton (D:7)
  2 hounds
  3 orc priests
  2 jellies
  5 orc wizards
  A bullfrog skeleton (D:7)
  4 worker ants
  A worker ant zombie (D:6)
  Robin (D:2)
  3 gnolls (D:6)
  16 adders
  An ooze (D:7)
  An adder zombie (D:6)
  2 worms
  2 dart slugs (D:1)
  4 leopard geckos
  23 orcs
  3 ball pythons
  9 bats
  6 giant cockroaches
  13 goblins
  10 hobgoblins
  6 jackals
  17 kobolds
  4 quokkas
  3 frilled lizards
  A leopard gecko skeleton (D:4)
  2 quokka skeletons
  9 rats
199 creatures vanquished.

Notes
Turn   | Place    | Note
-------+----------+-------------------------------------------
     0 | D:1      | Faca the Formicid Fighter began the quest for the Orb.
     0 | D:1      | Reached XP level 1. HP: 18/18 MP: 1/1
    33 | D:1      | Reached XP level 2. HP: 23/24 MP: 2/2
   193 | D:1      | Reached XP level 3. HP: 29/29 MP: 3/3
  1045 | D:2      | Reached XP level 4. HP: 29/37 MP: 4/4
  1175 | D:2      | Reached skill level 3 in Axes
  1758 | D:2      | Noticed Robin
  1784 | D:2      | Killed Robin
  1784 | D:2      | Reached XP level 5. HP: 26/42 MP: 5/5
  2338 | D:3      | Noticed cellescent's ghost (amateur OgWn)
  3072 | D:3      | Killed cellescent's ghost
  3072 | D:3      | Reached skill level 4 in Axes
  3072 | D:3      | Reached skill level 5 in Shields
  3072 | D:3      | Reached XP level 6. HP: 39/49 MP: 6/6
  3411 | D:4      | Reached XP level 7. HP: 54/55 MP: 7/7
  3704 | D:4      | Reached skill level 5 in Axes
  3904 | D:4      | Reached skill level 5 in Fighting
  4134 | D:5      | Entered Level 5 of the Dungeon
  4141 | D:5      | Found a staircase to the Ecumenical Temple.
  4160 | Temple   | Entered the Ecumenical Temple
  4169 | Temple   | Became a worshipper of Warmaster Okawaru
  4191 | D:5      | Reached skill level 5 in Armour
  4419 | D:5      | Reached XP level 8. HP: 61/62 MP: 8/8
  5019 | D:5      | You fall through a shaft!
  5170 | D:6      | Reached skill level 6 in Axes
  5184 | D:6      | Noticed jerkstore's ghost (novice DDEE)
  5711 | D:6      | Reached * piety under Okawaru
  6346 | D:6      | Reached XP level 9. HP: 63/69 MP: 9/9
  6457 | D:7      | Reached ** piety under Okawaru
  6457 | D:7      | Reached skill level 7 in Axes
  6783 | D:7      | Reached *** piety under Okawaru
  7075 | D:6      | Killed jerkstore's ghost
  7075 | D:6      | Received a gift from Okawaru
  7075 | D:6      | Reached skill level 8 in Axes
  7833 | D:7      | Found a radiant altar of Vehumet.
  7833 | D:7      | Noticed an oklob plant
  7876 | D:7      | Reached XP level 10. HP: 68/79 MP: 10/10
  8497 | D:8      | Reached **** piety under Okawaru
  8712 | D:8      | Reached skill level 9 in Axes
  9540 | D:8      | HP: 3/80 [killer bee (3)]
  9541 | D:8      | HP: 1/80 [poisoned by a killer bee]
  9543 | D:8      | Succumbed to a killer bee's poison

Skill      XL: |  1  2  3  4  5  6  7  8  9 10 |
---------------+-------------------------------+-----
Shields        | 4 5 6 7 8 |  8.6
Axes           | 3 4 5 6 8 9 |  9.4
Fighting       | 4 5 6 7 |  7.8
Armour         | 4 5 6 7 |  7.8

Action                   |  1- 3 |  4- 6 |  7- 9 | 10-12 || total
-------------------------+-------+-------+-------+-------++-------
Melee: War axe           |   101 |   221 |   394 |   224 ||   940
Invok: Heroism           |       |       |     2 |       ||     2
 Abil: Dig               |       |       |       |     1 ||     1
  Use: Scroll            |       |     4 |    15 |     1 ||    20
       Potion            |       |     1 |     4 |     2 ||     7
  Eat: Chunk             |       |     2 |     1 |       ||     3
       Ration            |       |     2 |     4 |     2 ||     8
Armor: Scale mail        |    42 |    95 |    62 |       ||   199
       Chain mail        |       |       |   115 |    89 ||   204
       Skin              |       |       |    86 |       ||    86
Dodge: Dodged            |    35 |    66 |   148 |    70 ||   319
Block: Shield            |    42 |   101 |   288 |   132 ||   563
